 Dungeon Sprint DCSS version 0.21-a0-414-gba8bdf1 (webtiles) character file.

77 Kidiri the Insei (level 4, -4/60 HPs)
             Began as a Draconian Transmuter on Nov 2, 2017.
             Was a Priest of Wu Jian.
             Slain by a gnoll sergeant
             ... wielding a +0 spear
              (10 damage)
             ... in the Dungeon (Sprint VII: "The Pits").
             The game lasted 00:02:32 (432 turns).

Kidiri the Insei (Draconian Transmuter)              Turns: 432, Time: 00:02:32

Health: -4/60      AC:  5    Str: 17    XL:     4   Next: 14%
Magic:  3/9        EV: 13    Int: 13    God:    Wu Jian [***...]
Gold:   0          SH:  0    Dex: 13    Spells: 7/10 levels left

rFire    . . .     SeeInvis .     - Unarmed
rCold    . . .     Gourm    .   (no shield)
rNeg     . . .     Faith    .   (armour unavailable)
rPois    .         Spirit   .   (helmet restricted)
rElec    .         Reflect  .   (no cloak)
rCorr    .         Harm     .   (no gloves)
MR       .....     NoTele   +   (no boots)
Stlth    ..........             (no amulet)
HPRegen  0.20/turn              (no ring)
MPRegen  0.11/turn              (no ring)

@: berserking, very quick
A: unfitting armour, cold-blooded, AC +5
a: Renounce Religion


You were in the Dungeon.
You worshipped Wu Jian.
Wu Jian was most pleased with you.
You were not hungry.

You visited 1 branch

Inventory:

Missiles
 a - 10 arrows
 q - 8 stones (quivered)
Scrolls
 i - a scroll of blinking
 l - 3 scrolls of remove curse
 m - 5 scrolls of amnesia
 n - a scroll of summoning
Potions
 d - a potion of curing
 f - a potion of haste
 g - 4 potions of magic
 h - 2 potions of berserk rage
 k - 2 potions of invisibility
Books
 b - a book of Changes

   Spells                             Type                      Level
   a - Beastly Appendage              Transmutation                1
   b - Sticks to Snakes               Transmutation                2
   c - Spider Form                    Transmutation/Poison         3
   d - Ice Form                       Ice/Transmutation            4
   e - Blade Hands                    Transmutation                5
Comestibles
 c - 8 bread rations
 o - 40 fruits
 p - 7 meat rations


   Skills:
 * Level 4.0 Fighting
 * Level 3.6 Dodging
 + Level 2.2 Stealth
 * Level 4.7 Unarmed Combat
 * Level 3.8 Spellcasting
 + Level 3.2 Transmutations


You had 7 spell levels left.
You knew the following spells:

 Your Spells              Type           Power        Failure   Level  Hunger
a - Beastly Appendage     Tmut           ##....       5%          1    #......
b - Sticks to Snakes      Tmut           ##......     9%          2    ##.....


Dungeon Overview and Level Annotations

Branches:
Dungeon (1/1)

Altars:
Ashenzari
Cheibriados
Dithmenos
Elyvilon
Fedhas
Gozag
Hepliaklqana
Kikubaaqudgha
Makhleb
Nemelex Xobeh
Okawaru
Qazlal
Ru
Sif Muna
Trog
Uskayaw
Vehumet
Wu Jian
Xom
Yredelemnul
Zin
The Shining One
Beogh
Jiyva
Lugonu

Annotations:
D exclusions: 6 doors and 6 more exclusions


Innate Abilities, Weirdness & Mutations

Your plain brown scales are hard. (AC +5)
You cannot fit into any form of body armour.
You are cold-blooded and may be slowed by cold attacks.


Message History

You are too berserk!
Unknown command.
You hit the gnoll sergeant but do no damage.
The gnoll sergeant is heavily wounded.
The gnoll sergeant hits you with a spear.
You hit the gnoll sergeant but do no damage.
The gnoll sergeant is heavily wounded.
Your horns disappear.
The gnoll hits you from afar with a spear.
* * * LOW HITPOINT WARNING * * *
The gnoll sergeant hits you with a spear.
* * * LOW HITPOINT WARNING * * *
You hit the gnoll sergeant.
The gnoll sergeant is severely wounded.
You hit the gnoll sergeant but do no damage.
The gnoll sergeant is severely wounded.
The gnoll hits you from afar with a spear!
* * * LOW HITPOINT WARNING * * *
The gnoll sergeant hits you with a spear!
You die...

############ #_________.#
#_________.#
#_______...###########++######
##########+##................#
#.?|.+)))+.##......#..#......#
##########.##................+
#.......(..gg................+
#+#####'#####@.....#..#......#
#.....# #................#
#.....# ####+#####++######
###g### #.......# #.....#
#.......# #....)# #.......#
####)## #...<...# ...
#.......# ..... #.......#


You could see a gnoll sergeant and a gnoll.

Vanquished Creatures
  A worker ant (D)
  3 gnolls (D)
  A river rat (D)
  An ufetubus (D)
  An orc (D)
  5 jackals (D)
  A frilled lizard (D)
13 creatures vanquished.

Vanquished Creatures (collateral kills)
  An adder zombie (D)
1 creature vanquished.

Grand Total: 14 creatures vanquished

Notes
Turn   | Place    | Note
-------+----------+-------------------------------------------
     0 | D        | Kidiri the Draconian Transmuter began the quest for the Orb.
     0 | D        | Reached XP level 1. HP: 16/16 MP: 3/3
    68 | D        | Found a bloodstained altar of Trog.
    68 | D        | Found a deep blue altar of Sif Muna.
    68 | D        | Found a viscous altar of Jiyva.
    68 | D        | Found a hazy altar of Hepliaklqana.
    68 | D        | Found an opulent altar of Gozag.
    69 | D        | Found a glowing golden altar of the Shining One.
    69 | D        | Found a glowing silver altar of Zin.
    69 | D        | Found a basalt altar of Yredelemnul.
    69 | D        | Found a shimmering altar of Xom.
    69 | D        | Found an ornate altar of the Wu Jian Council.
    69 | D        | Found a sacrificial altar of Ru.
    69 | D        | Found a stormy altar of Qazlal.
    69 | D        | Found an iron altar of Okawaru.
    69 | D        | Found a sparkling altar of Nemelex Xobeh.
    69 | D        | Found a burning altar of Makhleb.
    69 | D        | Found a blossoming altar of Fedhas.
    69 | D        | Found a white marble altar of Elyvilon.
    69 | D        | Found a shadowy altar of Dithmenos.
    69 | D        | Found a snail-covered altar of Cheibriados.
    71 | D        | Found a radiant altar of Vehumet.
    71 | D        | Found a corrupted altar of Lugonu.
    71 | D        | Found a roughly hewn altar of Beogh.
    72 | D        | Found a hide-covered altar of Uskayaw.
    72 | D        | Found an ancient bone altar of Kikubaaqudgha.
    72 | D        | Found a shattered altar of Ashenzari.
    78 | D        | Became a worshipper of the Wu Jian Council
   107 | D        | Reached * piety under Wu Jian
   177 | D        | Reached XP level 2. HP: 23/24 MP: 2/5
   179 | D        | Reached ** piety under Wu Jian
   179 | D        | Reached skill level 1 in Stealth
   201 | D        | Learned a level 2 spell: Sticks to Snakes
   389 | D        | Reached XP level 3. HP: 31/31 MP: 2/7
   392 | D        | Reached *** piety under Wu Jian
   398 | D        | Noticed a gnoll sergeant
   403 | D        | Reached XP level 4. HP: 23/40 MP: 2/9
   432 | D        | Slain by a gnoll sergeant

Vault maps used:
D:        pitsprint

Skill      XL: |  1  2  3  4 |
---------------+-------------+-----
Dodging        | 2 3 |  3.6
Fighting       | 2 3 4 |  4.0
Stealth        | 1 2 |  2.2
Unarmed Combat | 4 |  4.7
Spellcasting   | 3 |  3.8
Transmutations | 3 |  3.2

Action                   |  1- 3 |  4- 6 || total
-------------------------+-------+-------++-------
Melee: Unarmed           |    46 |     9 ||    55
       Headbutt          |     7 |     1 ||     8
       Tailslap          |     6 |       ||     6
       Kick              |     5 |     1 ||     6
       Punch             |     1 |       ||     1
Throw: Stone             |       |     2 ||     2
 Cast: Beastly Appendage |     6 |     1 ||     7
       Sticks to Snakes  |     1 |     1 ||     2
  Use: Potion            |       |     2 ||     2
Armor: Skin              |     7 |     3 ||    10
Dodge: Dodged            |    32 |     4 ||    36

Table legend:
 A = Spawn XP
 B = Non-spawn XP
 C = Spawn XP percentage of total XP
 D = Spawn monster count
 E = Non-spawn monster count
 F = Spawn count percentage of total count
 G = Total turns spent on level
                    A         B        C        D         E        F      G
               +---------+---------+-------+---------+---------+-------+---------
         Total |       0 |     111 |   0.0 |       0 |      14 |   0.0 |   432
               +---------+---------+-------+---------+---------+-------+---------
             D |       0 |     111 |   0.0 |       0 |      14 |   0.0 |   432
               +---------+---------+-------+---------+---------+-------+---------
